 Dungeon Crawl Stone Soup version 0.25-a0-589-g1e14c549ee (webtiles) character file.

Game seed: 11744979228194781648, levelgen mode: deterministic

65 Anathary the Slasher (level 3, -4/29 HPs)
             Began as a Demonspawn Berserker on Mar 12, 2020.
             Was a Believer of Trog.
             Slain by a gnoll
             ... wielding a +0 club
              (9 damage)
             ... on level 2 of the Dungeon.
             The game lasted 00:04:43 (1697 turns).

Anathary the Slasher (Demonspawn Berserker)         Turns: 1697, Time: 00:04:43

Health: -4/29      AC:  2    Str: 18    XL:     3   Next: 94%
Magic:  3/3        EV: 12    Int:  8    God:    Trog [**....]
Gold:   32         SH:  0    Dex: 12    Spells: 2/2 levels left

rFire    . . .     SeeInvis .   a - +0 falchion
rCold    . . .     Gourm    .   (no shield)
rNeg     . . .     Faith    .   b - +0 animal skin
rPois    .         Spirit   .   (no helmet)
rElec    .         Reflect  .   (no cloak)
rCorr    .         Harm     .   (no gloves)
MR       .....                  (no boots)
Stlth    +.........             (no amulet)
HPRegen  0.09/turn              (no ring)
MPRegen  0.08/turn              (no ring)

@: no status effects
A: talons 1
a: Berserk, Trog's Hand, Renounce Religion


You were on level 2 of the Dungeon.
You worshipped Trog.
Trog was pleased with you.
You were not hungry.

You visited 1 branch of the dungeon, and saw 2 of its levels.

You collected 32 gold pieces.

Inventory:

Hand Weapons
 a - a +0 falchion (weapon)
Armour
 b - a +0 animal skin (worn)
Scrolls
 d - 3 scrolls of identify {unknown}
 e - a scroll of remove curse {unknown}
 f - a scroll of magic mapping {unknown}
 g - a scroll of teleportation {unknown}
 i - a scroll of fog {unknown}
Potions
 h - a potion of flight {unknown}
Comestibles
 c - 2 rations


   Skills:
 - Level 3.0 Fighting
 * Level 4.4 Long Blades
 - Level 1.7 Armour
 - Level 1.7 Dodging
 + Level 0.2 Stealth


You had 2 spell levels left.
You didn't know any spells.
Your spell library was empty.

Dungeon Overview and Level Annotations

Branches:
Dungeon (2/15)

Altars:


Innate Abilities, Weirdness & Mutations

You have sharp toenails.


Message History

You hit the gnoll. You claw the gnoll, but do no damage.
The gnoll is severely wounded.
The gnoll hits you.
* * * LOW HITPOINT WARNING * * *
The frilled lizard closely misses you.
You hit the gnoll but do no damage.
The gnoll is severely wounded.
The gnoll barely misses you. The frilled lizard bites you.
* * * LOW HITPOINT WARNING * * *
The gnoll barely misses you.
You riposte.
You barely miss the gnoll. You claw the gnoll, but do no damage.
The gnoll is severely wounded.
You hit the gnoll.
You kill the gnoll!
Trog accepts your kill. The frilled lizard closely misses you.
You closely miss the gnoll.
The frilled lizard bites you but does no damage.
The gnoll hits you with a +0 club!
You die...

#..............[.#..##.#####..
######################.#
#............ #.#
#.###############)# #.
..ggg....#..##.###.#. #
####l####.#..#........# #..
#l#..#.#......# ##l#
#g#...........#
#@#..##.......#
#l#..###......#
#.#...........#
#.#.########### #.#.......^...
#.#.##..### ## #.#.# ## #.#.#
## ##.#.#...##


You could see a gnoll, a leopard gecko and a frilled lizard.

Vanquished Creatures
  2 gnolls (D:2)
  An adder (D:2)
  3 dart slugs
  A leopard gecko (D:1)
  A ball python (D:1)
  3 giant cockroaches
  A goblin (D:1)
  4 hobgoblins
  A jackal (D:2)
  4 kobolds (D:1)
  4 bats (D:1)
  2 frilled lizards
  4 rats
31 creatures vanquished.

Notes
Turn   | Place    | Note
-------+----------+-------------------------------------------
     0 | D:1      | Anathary the Demonspawn Berserker began the quest for the
                  | Orb.
     0 | D:1      | Reached XP level 1. HP: 18/18 MP: 1/1
    35 | D:1      | Reached skill level 3 in Long Blades
   197 | D:1      | Gained mutation: You have sharp toenails. [demonic
                  | ancestry]
   197 | D:1      | Reached XP level 2. HP: 8/24 MP: 2/2
  1227 | D:2      | Reached XP level 3. HP: 28/29 MP: 3/3
  1342 | D:2      | Reached ** piety under Trog
  1348 | D:2      | Reached skill level 4 in Long Blades
  1697 | D:2      | Slain by a gnoll

Levels and vault maps discovered:
D:1:      dpeg_arrival_pond, layout_loops_ring
D:2:      layout_loops_ring, marbit_many_paths, serial_co_window_serial,
          co_window_corner_a, co_window_cross_1, co_window_paths_a,
          co_window_of_opportunity_a, co_window_paths_b, co_window_corner_a,
          co_window_paths_a, co_window_corner_b, co_window_corner_cb,
          co_window_2corner, co_window_of_opportunity_c,
          co_window_of_opportunity_b, co_window_corner_b, co_window_corner_ca,
          co_window_paths_e, glass_columns_a, glass_columns_a, glass_columns_c

Skill      XL: |  1  2  3 |
---------------+----------+-----
Long Blades    | 3 4 |  4.4
Fighting       | |  3.0
Armour         | |  1.7
Dodging        | |  1.7
Stealth        | |  0.2

Action                   || total
-------------------------++-------
Melee: Falchion          ||    74
       Kick              ||    17
 Stab: Distracted        ||     1
  Eat: Ration            ||     1
Armor: Animal skin       ||    12
Dodge: Dodged            ||    49
       Rpst.: Falchion   ||    15

Table legend:
 A = Non-vault XP
 B = Vault XP
 C = Vault XP percentage of total XP
 D = Non-vault monster count
 E = Vault monster count
 F = Vault count percentage of total count
                 A         B        C        D         E       F
            +---------+---------+-------+---------+---------+-------
      Total |      92 |       2 |   2.1 |      30 |       1 |   3.2
            +---------+---------+-------+---------+---------+-------
        D:1 |      39 |       0 |   0.0 |      21 |       0 |   0.0
        D:2 |      53 |       2 |   3.6 |       9 |       1 |  10.0
            +---------+---------+-------+---------+---------+-------
